 Dungeon Crawl Stone Soup version 0.28-a0-1493-g08698888e4 (webtiles) character file.

Game seed: 14660318119370231585

91650 shadowrider38 the Warrior (level 16, -9/154 (162) HPs)
             Began as a Hill Orc Brigand on Jan 13, 2022.
             Was the Champion of Trog.
             Killed from afar by a tengu reaver (39 damage)
             ... with a bolt of poison
             ... on level 13 of the Dungeon.
             The game lasted 01:15:17 (34210 turns).

shadowrider38 the Warrior (Hill Orc Brigand)       Turns: 34210, Time: 01:15:18

HP:   -9/154 (162)  AC: 27    Str: 25    XL:     16   Next: 3%
MP:   16/16         EV: 14    Int: 11    God:    Trog [******]
Gold: 1986          SH:  5    Dex: 12    Spells: 15/15 levels left

rFire   + . .      SeeInvis .   a - +5 battleaxe (flame)
rCold   . . .      Faith    .   (shield currently unavailable)
rNeg    . . .      Spirit   .   W - +2 plate armour {rF+}
rPois   .          Reflect  +   m - +2 helmet
rElec   .          Harm     .   c - +2 cloak
rCorr   .          Rampage  .   O - +2 pair of gloves {Str+3}
Will    ++...                   v - +2 pair of boots
Stlth   ..........              U - amulet of reflection
HPRegen 0.35/turn               V - +4 ring of evasion
MPRegen 0.15/turn               T - ring of willpower

@: lethally poisoned (-9 -> -49), corroded, lightly drained
A: no striking features
a: Renounce Religion, Berserk, Trog's Hand, Brothers in Arms


You were on level 13 of the Dungeon.
You worshipped Trog.
Trog was exalted by your worship.
You visited 4 branches of the dungeon, and saw 22 of its levels.
You also visited: Ice Cave.

You collected 2594 gold pieces.
You spent 608 gold pieces at shops.

Inventory:

Hand Weapons
 a - a +5 battleaxe of flaming (weapon)
 f - a +5 battleaxe of freezing
Missiles
 d - 149 poisoned darts (quivered)
 e - 6 curare-tipped darts
 M - 2 throwing nets
Armour
 c - a +2 cloak (worn)
 m - a +2 helmet (worn)
 v - a +2 pair of boots (worn)
 G - the +0 tower shield of Valour {Regen+ rCorr Dex+3}
   (You bought it in a shop on level 2 of the Orcish Mines)

   Dex:       It affects your dexterity (+3).
   Regen:     It increases your rate of health regeneration.
   rCorr:     It protects you from acid and corrosion.
 K - a +2 leather armour of poison resistance
 O - a +2 pair of gloves of strength (worn)
 Q - +0 ice dragon scales
 W - a +2 plate armour of fire resistance (worn)
 Z - the +1 pair of gloves of Negligence {rCorr Int+2}
   (You found it on level 6 of the Lair of Beasts)

   Int:       It affects your intelligence (+2).
   rCorr:     It protects you from acid and corrosion.
Jewellery
 q - a ring of fire
 J - a ring of willpower
 S - a ring of ice
 T - a ring of willpower (right hand)
 U - an amulet of reflection (around neck)
 V - a +4 ring of evasion (left hand)
Wands
 i - a wand of flame (25)
 o - a wand of acid (6)
 B - a wand of paralysis (25)
 H - a wand of mindburst (5)
 L - a wand of polymorph (5)
 Y - a wand of iceblast (6)
Scrolls
 g - a scroll of blinking
 h - 2 scrolls of magic mapping
 j - 5 scrolls of teleportation
 k - 3 scrolls of fear
 n - 2 scrolls of fog
 p - 2 scrolls of holy word
 u - 2 scrolls of summoning
 y - 5 scrolls of torment
 z - a scroll of identify
 C - a scroll of brand weapon
 F - 2 scrolls of enchant weapon
 I - a scroll of immolation
 P - a scroll of vulnerability
Potions
 l - a potion of haste
 r - 2 potions of flight
 s - 2 potions of resistance
 t - 7 potions of curing
 x - 2 potions of attraction
 A - a potion of cancellation
 E - 2 potions of magic
 N - 3 potions of heal wounds
 R - 8 potions of ambrosia
 X - a potion of lignification
Miscellaneous
 b - a tin of tremorstones (2/2)
 w - a lightning rod (4/4)
 D - a phial of floods


   Skills:
 - Level 20.0 Fighting
 - Level 2.0 Short Blades
 - Level 18.0 Axes
 - Level 1.7 Throwing
 - Level 12.0 Armour
 + Level 8.7 Dodging
 - Level 3.6 Stealth
 - Level 10.0 Evocations


You had 15 spell levels left.
You didn't know any spells.
Your spell library contained the following spells:

 Spells                   Type           Power      Damage    Failure   Level
 Ozocubu's Armour         Ice            0%         N/A       100%        3
 Metabolic Englaciation   Hex/Ice        0%         N/A       100%        5
 Simulacrum               Ice/Necr       0%         N/A       100%        6


Dungeon Overview and Level Annotations

Branches:
Dungeon (13/15)            Temple (1/1) D:4            Lair (6/6) D:10
 Shoals (0/4) Lair:4       Spider (0/4) Lair:4        Slime (0/5) Lair:6
    Orc (2/2) D:11            Elf (0/3) Orc:2        Vaults (0/5) D:13
  IceCv (visited)

Altars:
Ashenzari
Cheibriados
Dithmenos
Elyvilon
Fedhas
Gozag
Hepliaklqana
Kikubaaqudgha
Makhleb
Nemelex Xobeh
Okawaru
Qazlal
Ru
Sif Muna
Trog
Uskayaw
Vehumet
Wu Jian
Xom
Yredelemnul
Zin
The Shining One
Beogh
Jiyva

Shops:
D:5 [   D:13 :=   Orc:2 =(*[

Annotations:
D:5 1 runed translucent door, oldriver's ghost, novice FoCK
D:6 2 runed translucent doors, bande's ghost, novice GrFi
D:12 exclusion: obsidian statue
D:13 1 runed translucent door, SirDiesAlot's ghost, journeyman DjSu


Message History

Your unstable footing causes you to fumble your attack.
The tengu reaver closely misses you. x2; The tengu reaver barely misses you.
Unknown command.
Unknown command.
You hit the tengu reaver but do no damage.
The tengu reaver is almost dead.
The tengu reaver casts a spell at you. The bolt of poison hits you!!!
You are poisoned.
* * * LOW HITPOINT WARNING * * *
Unknown command.
Unknown command.
You feel very sick.
The tengu reaver gestures at you while chanting.
The bolt of acid hits you!!
* * * LOW HITPOINT WARNING * * *
You feel much better.
You feel very sick.
The tengu reaver points at you and mumbles some strange words.
The bolt of cold hits you!!
* * * LOW HITPOINT WARNING * * *
Okay, then.
Okay, then.
You feel better.
The tengu reaver points at you and mumbles some strange words.
The bolt of poison hits you.
You are lethally poisoned!
* * * LOW HITPOINT WARNING * * *
Press: ? - help, v - describe, . - travel, g - get item
Here: a tengu reaver, wielding a +0 great mace and wearing a +0 ring mail (almost dead, soul bound)
Items here: $ ) [ †.
An open translucent door, spattered with blood.
Unknown command.
Unknown command.
You feel much better.
You feel very sick.
The tengu reaver points at you and mumbles some strange words.
The bolt of poison hits you!!!
You are lethally poisoned!
You die...

###.......#####.#.## #..≈
#.#####8.##.......# #..≈
....#8QD.#..⌠.##### ######'.≈
..#####8.##.....# #........
.##Ze.W...#####.#########.[..(...
.###[.#8.8.Z♣.#...##)..)'........
...##.##..♣WrzQ...)).####........
....#($.....###...#### #...>(...
....#########...@.# #........
.....##..........<# #........
##########........# ########' ##
#........# #... .## ###..#.###
#####<## ..# #....# #.....# #.#
####### ###'###### #'#### #.#∩##
#......... .....######'#'#####
#.........


You could see a tengu reaver (soul bound) and a skeletal warrior.

Vanquished Creatures
  Jorgrun (D:13)
  An orc warlord (Orc:2)
  Nessos (Lair:6)
  Snorg (D:11)
  2 ice dragons
  Erolcha (D:10)
  5 vault guards (D:13)
  9 hydras
  An ogre mage (D:13)
  A centaur warrior (D:13)
  2 boulder beetles
  Erica (Lair:1)
  2 catoblepae
  A deep troll shaman (Lair:6)
  21 death yaks
  3 two-headed ogres
  An orc high priest (Orc:2)
  2 lindwurms
  6 orc knights
  A necromancer (D:13)
  3 orc sorcerers (Orc:2)
  3 cyclopes
  2 ugly things
  10 elephants
  3 black mambas
  Joseph (Lair:1)
  2 ice statues (IceCv)
  3 merfolk sirens (Lair:4)
  2 unseen horrors
  14 cane toads
  A gargoyle (D:12)
  2 kobold demonologists (D:10)
  8 komodo dragons
  8 rime drakes
  2 tengu conjurers (D:13)
  A queen bee (Lair:5)
  5 trolls
  3 meliai (Lair:5)
  5 polar bears
  A hornet (D:10)
  A blink frog (shapeshifter) (D:13)
  5 slime creatures (D:13)
  5 blink frogs (Lair:6)
  7 dream sheep (Lair:4)
  2 jumping spiders (Lair:4)
  3 shadows
  2 wraiths (D:13)
  10 wyverns
  46 yaks
  9 basilisks
  A human (D:13)
  2 vampire mosquitoes (D:13)
  A steam dragon (D:8)
  Grum (D:11)
  3 redbacks (Lair:4)
  6 wargs
  2 acid dragons
  2 hell hounds (Lair:5)
  10 water moccasins
  28 orc warriors
  2 sky beasts
  2 ice beasts
  8 ogres
  4 black bears
  52 wolves
  7 centaurs
  A kobold brigand (D:8)
  14 bullfrogs
  2 gnoll sergeants
  2 scorpions
  A wyvern skeleton (D:7)
  2 water moccasin skeletons
  A lindwurm simulacrum (IceCv)
  20 killer bees (Lair:5)
  13 wights
  3 electric eels
  7 centaur zombies
  6 komodo dragon simulacra (IceCv)
  A bullfrog zombie (D:5)
  3 hounds
  22 orc priests
  2 jellies
  2 bullfrog skeletons (D:4)
  2 iguanas
  20 orc wizards
  8 hell rats (Lair:5)
  2 killer bee zombies
  A hound zombie (D:5)
  A howler monkey zombie (D:9)
  Robin (D:2)
  10 acid dragon simulacra (IceCv)
  5 gnolls
  2 river rats (D:10)
  11 adders
  A shadow imp (D:6)
  A white imp (D:6)
  2 ufetubi
  4 steam dragon simulacra (IceCv)
  6 worms
  A dart slug (D:2)
  75 orcs
  5 ball pythons
  A bat zombie (D:4)
  7 endoplasms
  5 giant cockroaches
  14 goblins
  10 hobgoblins
  11 jackals
  12 kobolds
  5 quokkas
  4 bats
  3 frilled lizards
  11 rats
  A rat zombie (D:4)
  A spectral orc (D:9)
708 creatures vanquished.

Vanquished Creatures (collateral kills)
  A two-headed ogre (D:9)
1 creature vanquished.

Vanquished Creatures (others)
  A large abomination (D:12)
  An orc wizard (D:7)
  4 white imps (D:12)
  2 ufetubi (D:12)
  61 fungi
  99 plants
168 creatures vanquished.

Grand Total: 877 creatures vanquished

Notes
Turn   | Place    | Note
-------+----------+-------------------------------------------
     0 | D:1      | shadowrider38 the Hill Orc Brigand began the quest for the
                  | Orb.
     0 | D:1      | Reached XP level 1. HP: 18/18 MP: 1/1
   286 | D:1      | Reached skill level 3 in Fighting
   334 | D:1      | Reached XP level 2. HP: 26/26 MP: 2/2
   939 | D:1      | Reached skill level 4 in Fighting
  1078 | D:2      | Found a faded altar of an unknown god.
  1082 | D:2      | Noticed Robin
  1110 | D:2      | Reached XP level 3. HP: 30/33 MP: 3/3
  1196 | D:2      | Reached skill level 1 in Axes
  1674 | D:2      | Reached XP level 4. HP: 40/40 MP: 4/4
  2292 | D:2      | Killed Robin
  3001 | D:3      | Reached XP level 5. HP: 37/47 MP: 5/5
  3043 | D:3      | Found a bloodstained altar of Trog.
  3054 | D:3      | Became a worshipper of Trog the Wrathful
  3199 | D:3      | Reached skill level 5 in Fighting
  3845 | D:3      | Reached skill level 6 in Fighting
  3845 | D:3      | Reached XP level 6. HP: 53/57 MP: 6/6
  3882 | D:3      | Found a shadowy altar of Dithmenos.
  3885 | D:3      | Reached * piety under Trog
  4061 | D:4      | Found an opulent altar of Gozag.
  4105 | D:4      | Reached skill level 5 in Axes
  4823 | D:4      | Found a staircase to the Ecumenical Temple.
  5177 | D:4      | Found an ancient bone altar of Kikubaaqudgha.
  5290 | D:4      | Reached skill level 7 in Fighting
  5290 | D:4      | Reached XP level 7. HP: 44/66 MP: 7/7
  5420 | D:5      | Entered Level 5 of the Dungeon
  5507 | Temple   | Entered the Ecumenical Temple
  5730 | D:5      | Found a runed translucent door.
  5855 | D:5      | Reached skill level 8 in Fighting
  5968 | D:5      | Noticed oldriver's ghost (novice FoCK)
  6338 | D:5      | Found Zaof's Armour Emporium.
  6344 | D:5      | Reached ** piety under Trog
  6506 | D:6      | Reached XP level 8. HP: 69/74 MP: 8/8
  6687 | D:6      | Reached skill level 1 in Armour
  6882 | D:6      | Found a large runed translucent door.
  6882 | D:6      | Found a large runed translucent door.
  7007 | D:6      | Reached skill level 1 in Evocations
  7189 | D:6      | Found a glowing golden altar of the Shining One.
  7343 | D:6      | Noticed bande's ghost (novice GrFi)
  7795 | D:7      | Found a shimmering altar of Xom.
  8585 | D:7      | Reached XP level 9. HP: 69/81 MP: 9/9
  9452 | D:7      | Reached skill level 10 in Axes
 10763 | D:7      | Reached skill level 9 in Fighting
 11819 | D:8      | Reached *** piety under Trog
 11820 | D:8      | Reached skill level 10 in Fighting
 12219 | D:8      | Reached XP level 10. HP: 93/93 MP: 10/10
 12403 | D:9      | Identified the +10 short sword of Kaqitz {flame, Str+5}
 12725 | D:9      | Noticed a two-headed ogre
 12732 | D:9      | Killed a two-headed ogre
 13442 | D:9      | Found a white marble altar of Elyvilon.
 13538 | D:9      | Found a basalt altar of Yredelemnul.
 13573 | D:9      | Reached skill level 11 in Fighting
 13791 | D:10     | Entered Level 10 of the Dungeon
 13819 | D:10     | Noticed a kobold demonologist
 13819 | D:10     | Noticed a kobold demonologist
 13824 | D:10     | Killed a kobold demonologist
 13830 | D:10     | Killed a kobold demonologist
 13831 | D:10     | Reached skill level 12 in Fighting
 14534 | D:10     | Noticed a two-headed ogre
 14558 | D:10     | Killed a two-headed ogre
 14559 | D:10     | Reached skill level 13 in Fighting
 14559 | D:10     | Reached skill level 5 in Armour
 14707 | D:10     | Found a staircase to the Lair.
 14716 | D:10     | Noticed a death yak
 14717 | D:10     | Noticed a death yak
 14717 | D:10     | Noticed a death yak
 14720 | D:10     | Reached XP level 11. HP: 98/107 MP: 11/11
 14954 | D:9      | Killed a death yak
 15457 | D:10     | Noticed Erolcha
 15466 | D:10     | Killed Erolcha
 15551 | D:10     | Found an ornate altar of the Wu Jian Council.
 15621 | D:9      | Killed a death yak
 15933 | Lair:1   | Entered Level 1 of the Lair of Beasts
 16014 | D:10     | Found a hide-covered altar of Uskayaw.
 16015 | D:10     | Found a sparkling altar of Nemelex Xobeh.
 16249 | D:10     | Killed a death yak
 16487 | D:11     | Reached skill level 15 in Axes
 16541 | D:11     | Found a frozen archway.
 16546 | D:11     | Reached **** piety under Trog
 16548 | D:11     | Noticed an ice dragon
 16567 | D:11     | Killed an ice dragon
 16779 | IceCv    | Entered an ice cave
 18058 | IceCv    | Reached XP level 12. HP: 84/116 MP: 12/12
 18329 | IceCv    | Noticed an ice dragon
 18357 | IceCv    | Killed an ice dragon
 18358 | IceCv    | Reached skill level 14 in Fighting
 19002 | D:11     | Noticed Snorg
 19037 | D:11     | Killed Snorg
 19038 | D:11     | Reached skill level 15 in Fighting
 19351 | D:11     | Noticed Grum
 19369 | D:11     | Killed Grum
 19570 | D:11     | Found a staircase to the Orcish Mines.
 20417 | Lair:1   | Reached skill level 16 in Fighting
 20426 | Lair:1   | Noticed Joseph
 20447 | Lair:1   | Killed Joseph
 20605 | Lair:1   | Reached skill level 5 in Evocations
 20872 | Lair:1   | Noticed a four-headed hydra
 20873 | Lair:1   | Noticed Erica
 20958 | D:9      | Killed a four-headed hydra
 20958 | D:9      | Reached ***** piety under Trog
 21412 | Lair:1   | Killed Erica
 21584 | Lair:2   | Noticed a seven-headed hydra
 21608 | Lair:2   | Killed a seven-headed hydra
 21609 | Lair:2   | Reached XP level 13. HP: 28/128 MP: 13/13
 23352 | Lair:3   | Reached skill level 10 in Armour
 24451 | Lair:4   | Received a gift from Trog
 24452 | Lair:4   | Reached skill level 1 in Dodging
 24489 | Lair:4   | Found a staircase to the Shoals.
 24664 | Lair:4   | Reached XP level 14. HP: 137/137 MP: 14/14
 24738 | Lair:4   | Found a hole to the Spider Nest.
 25409 | Lair:5   | Reached skill level 5 in Dodging
 26173 | Lair:5   | Reached ****** piety under Trog
 26176 | Lair:5   | Received a gift from Trog
 26590 | Lair:6   | Entered Level 6 of the Lair of Beasts
 26596 | Lair:6   | Noticed Nessos
 26997 | Lair:6   | Killed Nessos
 27284 | Lair:6   | Found a viscous altar of Jiyva.
 27284 | Lair:6   | Found a staircase to the Slime Pits.
 27891 | Lair:6   | Reached skill level 17 in Fighting
 27922 | Lair:6   | Identified the +1 pair of gloves of Negligence {rCorr
                  | Int+2}
 28502 | Lair:6   | Reached XP level 15. HP: 132/147 MP: 13/15
 28712 | Lair:6   | Reached skill level 18 in Fighting
 29139 | Orc:1    | Entered Level 1 of the Orcish Mines
 29276 | Orc:1    | Received a gift from Trog
 29643 | Orc:2    | Entered Level 2 of the Orcish Mines
 30086 | Orc:2    | Found a roughly hewn altar of Beogh.
 30153 | Orc:2    | Found a staircase to the Elven Halls.
 30201 | Orc:1    | Reached skill level 19 in Fighting
 30832 | Orc:2    | Noticed an orc warlord
 30882 | Orc:2    | Killed an orc warlord
 31037 | Orc:2    | Found a roughly hewn altar of Beogh.
 31118 | Orc:2    | Found Bugrar's General Store.
 31217 | Orc:2    | Found Uzadd's Jewellery Shoppe.
 31260 | Orc:2    | Found Oziczy's Antique Weapon Shoppe.
 31303 | Orc:2    | Found Qinopla's Antique Armour Shoppe.
 31413 | Orc:2    | Bought a pair of spiked gloves for 304 gold pieces
 31413 | Orc:2    | Identified the +0 pair of gloves of Fiamm {Str+4 Dex+4}
                  | (You bought it in a shop on level 2 of the Orcish Mines)
 31417 | Orc:2    | Bought a spiked tower shield for 304 gold pieces
 31417 | Orc:2    | Identified the +0 tower shield of Valour {Regen+ rCorr
                  | Dex+3} (You bought it in a shop on level 2 of the Orcish
                  | Mines)
 31814 | D:12     | Reached skill level 20 in Fighting
 32618 | D:13     | Received a gift from Trog
 32620 | D:13     | Found a runed translucent door.
 32688 | D:13     | Noticed a tengu reaver
 32690 | D:13     | Noticed a lich
 32692 | D:13     | Noticed SirDiesAlot's ghost (journeyman DjSu)
 32696 | D:13     | Found a runed translucent door.
 32932 | D:13     | Found Hotaerot's Book Shoppe.
 32948 | D:13     | Found Usebax's One-of-a-Kind Rings.
 33344 | D:13     | Identified the +1 battleaxe "Orah" {vorpal, *Rage rC+ rN+
                  | Dex+4}
 33363 | D:13     | Reached skill level 10 in Evocations
 33395 | D:13     | Found a gate to the Vaults.
 33694 | D:13     | Noticed Jorgrun
 33700 | D:13     | Killed Jorgrun
 33701 | D:13     | Reached XP level 16. HP: 162/162 MP: 16/16
 34114 | D:13     | Noticed a quicksilver dragon
 34208 | D:13     | HP: 6/154 [tengu reaver/bolt of cold (28)]
 34210 | D:13     | Killed from afar by a tengu reaver

Illustrated notes

Levels and vault maps discovered:
D:1:      grunt_arrival_crossed_arrows, layout_basic, roderic_lattice_a,
          minmay_tromino_mix6
D:2:      minmay_inner_zag, layout_loops_ring,
          ebering_ecumenical_altar_abandoned, uniq_robin
D:3:      layout_loops_ring, mainiacjoe_overflow_tiny_flanked,
          mainiacjoe_overflow_cross_hatched, gup_sewer_entry_spiral
D:4:      layout_rooms, lemuel_zombie_altar_kikubaaqudgha, grunt_gozag_statues,
          minmay_temple_entry_slanted, minivault_26
D:5:      layout_rooms, hellmonk_ghost_happy_afterlife, serial_shops,
          nicolae_shop_statue_plus
D:6:      layout_cave_pools, mainiacjoe_overflow_catwalk,
          ebering_ghost_disaster_area
D:7:      layout_basic, mainiacjoe_overflow_chevrons
D:8:      layout_basic, minmay_misc_feat_rugged, chequers_avenue
D:9:      layout_big_octagon, mainiacjoe_overflow_paths,
          yredelemnul_forgotten_temple_becter, item_on_display_a
D:10:     layout_basic, minitemple, dpeg_lair_monsters, uniq_erolcha
D:11:     layout_irregular_city, erik_orc_4,
          portal_ice_cave_entry_animals_and_master, columned_hall_lemuel,
          uniq_grum, uniq_snorg
D:12:     layout_cave_pods, serial_park, serial_park_square1
          [serial_park_minivault_5x5_8], serial_park_avenue1,
          serial_park_square3 [serial_park_minivault_5x5_5], serial_park_square1
          [serial_park_minivault_5x5_5], hangedman_devilish_allure
D:13:     layout_roguey, grunt_vaults_entry_fortified,
          muffindrake_ghost_dual_entry, serial_shops,
          nicolae_shop_window_shopping, nicolae_shop_unique_rings, uniq_jorgrun
Temple:   pf_slimified_temple
Lair:1:   layout_gridlike, grunt_forest_large_clearings,
          infiniplex_staircase_pool_2, uniq_joseph, uniq_erica
Lair:2:   layout_chaotic_city, chequers_serial_rivers_micro_d,
          grunt_megastairs_5
Lair:3:   layout_regular_city, chequers_serial_rivers_large_a,
          beast_lair_carwin_2
Lair:4:   layout_regular_city, elwin_shoals_entry_rooms,
          spider_nest_entry_funnel_web, serial_forest,
          infiniplex_forest_side_room, infiniplex_forest_diagonal,
          infiniplex_forest_clump_small, infiniplex_forest_straight_4,
          lemuel_fruit_fields
Lair:5:   layout_roguey [special_room_mythical_zoo], special_room
          [special_room_bee], st_stairs_9, minivault_25, grunt_megastairs_3
Lair:6:   grunt_lair_end_beastmaster, layout_regular_city,
          dpeg_slime_entry_enclosed_altar, chequers_serial_rivers_small_a,
          gammafunk_lair_bear_cave, uniq_nessos
Orc:1:    layout_caves
Orc:2:    grunt_orc_cross, layout_caves, basic_altar

Skill      XL: |  1  2  3  4  5  6  7  8  9 10 11 12 13 14 15 |
---------------+----------------------------------------------+-----
Fighting       | 3 4 6 7 8 10 13 16 17 20 | 20.0
Axes           | 3 4 6 7 9 12 13 16 18 | 18.0
Armour         | 4 6 8 12 | 12.0
Evocations     | 4 8 10 | 10.0
Dodging        | 2 8 |  8.7
Short Blades   | |  2.0
Throwing       | |  1.7
Stealth        | |  3.6

Action                   |  1- 3 |  4- 6 |  7- 9 | 10-12 | 13-15 | 16-18 || total
-------------------------+-------+-------+-------+-------+-------+-------++-------
Melee: Dagger            |    48 |       |       |       |       |       ||    48
       War axe           |    65 |   281 |   282 |       |       |       ||   628
       Punch             |     2 |     7 |     1 |       |     1 |       ||    11
       Battleaxe         |       |       |    69 |   442 |   977 |    25 ||  1513
       Short sword       |       |       |       |    12 |    33 |       ||    45
Throw: Stone             |     5 |       |       |       |       |       ||     5
       Dart              |     4 |     8 |    12 |     9 |     1 |       ||    34
       Boomerang         |       |       |       |     9 |       |       ||     9
Invok: Berserk           |       |       |     1 |     5 |     1 |       ||     7
       Trog's Hand       |       |       |       |     1 |     1 |       ||     2
Evoke: Wand              |       |       |     1 |     4 |       |       ||     5
       Lightning rod     |       |       |       |     4 |     2 |       ||     6
  Use: Scroll            |       |     8 |     3 |    13 |    10 |       ||    34
       Potion            |       |       |       |       |       |     3 ||     3
 Stab: Sleeping          |     7 |       |       |       |     6 |       ||    13
       Paralysed         |       |       |     3 |       |       |       ||     3
       Distracted        |       |       |       |     1 |       |       ||     1
Armor: Ring mail         |    57 |    29 |       |       |       |       ||    86
       Chain mail        |       |   153 |   255 |   105 |       |       ||   513
       Ice dragon scales |       |       |       |    82 |       |       ||    82
       Troll leather arm |       |       |       |    99 |   332 |       ||   431
       Plate armour      |       |       |       |       |   108 |     2 ||   110
Dodge: Dodged            |    65 |   127 |   139 |   271 |   703 |    14 ||  1319
Block: Tower shield      |       |       |    20 |       |       |       ||    20
       Other             |       |       |       |       |    90 |     4 ||    94
       Reflection        |       |       |       |       |     8 |       ||     8

Table legend: (Time is in decaauts)
 A = Elapsed time spent in this place.
 B = Non-inter-level travel time spent in this place.
 C = Inter-level travel time spent in this place.
 D = Time resting spent in this place.
 E = Time spent auto-exploring this place.
 F = Levels seen in this place.
 G = Mean time per level.
                   A        B        C        D        E       F      G
               +--------+--------+--------+--------+--------+-----+--------+
         Total |  34354 |  32170 |   2184 |  11717 |  12828 |  23 | 1493.7 |
       Dungeon |  21136 |  19614 |   1522 |   7424 |   7593 |  13 | 1625.8 |
        Temple |    121 |    103 |     18 |     18 |     78 |   1 |  121.0 |
          Lair |   8669 |   8119 |    550 |   2174 |   3969 |   6 | 1444.8 |
  Orcish Mines |   2252 |   2158 |     94 |    512 |   1008 |   2 | 1126.0 |
      Ice Cave |   2173 |   2173 |      0 |   1588 |    180 |   1 | 2173.0 |
               +--------+--------+--------+--------+--------+-----+--------+

Top non-repeatable levels by time:
     D:6: 2520 daAuts
    D:10: 2371 daAuts
   IceCv: 2173 daAuts
     D:9: 1953 daAuts
  Lair:5: 1820 daAuts
  Lair:6: 1730 daAuts
     D:2: 1629 daAuts
   Orc:2: 1617 daAuts
    D:13: 1598 daAuts
    D:11: 1539 daAuts
  Lair:1: 1538 daAuts
     D:3: 1531 daAuts
     D:4: 1458 daAuts
     D:5: 1453 daAuts
  Lair:4: 1437 daAuts
